 Dungeon Crawl Stone Soup version 0.16.1-14-g82efdee (webtiles) character file.

7062 RepoMan the Arsonist (level 10, -3/63 HPs)
             Began as a Mummy Fire Elementalist on Apr 11, 2015.
             Was an Initiate of Gozag.
             Slain by a wolf (4 damage)
             ... in an ice cave on Apr 13, 2015.
             The game lasted 01:55:01 (12861 turns).

RepoMan the Arsonist (Mummy Fire Elementalist)     Turns: 12861, Time: 01:55:05

Health: -3/63      AC:  6    Str: 11    XL:     10   Next: 83%
Magic:  20/34      EV: 12    Int: 17    God:    Gozag
Gold:   588        SH:  0    Dex: 16    Spells: 6 memorised, 6 levels left

rFire  + + .     SeeInvis +     j - +0 spear
rCold  + . .     Clarity  .     n - +2 leather armour {MR+}
rNeg   + + +     SustAb   .     (no shield)
rPois  ∞         Gourm    .     (no helmet)
rElec  .         Spirit   .     k - +0 cloak
rCorr  .         Warding  .     t - -1 pair of gloves of Eckariod {rF++ rN+ Dex+4 Slay+2} (curse)
rMut   .         Stasis   .     (no boots)
MR     +++..                    I - amulet "Venomm" {MR+ Regen+ MP+9 Slay-2 SInv}
Stlth  ++........               p - ring of protection from cold
                                w - ring of fire

@: extremely resistant to hostile enchantments, unstealthy
A: no food or potions, fire vulnerability, restore body, cold resistance 1,
negative energy resistance 3, poison resistance, torment resistance, unbreathing
a: Potion Petition, Call Merchant, Bribe Branch, Renounce Religion


You were in an ice cave.
You worshipped Gozag.
Gozag was noncommittal.
You were not hungry.

You visited 2 branches of the dungeon, and saw 12 of its levels.
You also visited: Ice Cave.

You collected 1312 gold pieces.
You spent 576 gold pieces at shops.
You paid 148 gold pieces to Gozag.

Inventory:

Hand weapons
 j - a +0 spear (weapon)
 l - a +3 antimagic hand axe
 r - a +0 hunting sling of freezing
 v - a +0 blowgun
 z - a +2 dagger of speed
 D - a +0 dagger of freezing
Missiles
 f - 88 stones (quivered)
 s - 53 sling bullets
 u - 2 needles of confusion
Armour
 a - a +0 robe
 k - a +0 cloak (worn)
 n - a +2 leather armour of magic resistance (worn)
 t - the cursed -1 pair of gloves of Eckariod (worn) {rF++ rN+ Dex+4 Slay+2}
   (You found it on level 4 of the Dungeon)

   It affects your dexterity (+4).
   It affects your accuracy and damage with ranged weapons and melee attacks
   (+2).
   It greatly protects you from fire.
   It protects you from negative energy.
   It has a curse placed upon it.
Jewellery
 c - an uncursed ring of flight
 i - an uncursed amulet of resist corrosion
 p - a ring of protection from cold (right hand)
 w - a ring of fire (left hand)
 A - the ring "Caemuamn" {rC+ rN+ Str+6 Int-2}
   (You found it on level 7 of the Dungeon)

   [ring of protection from cold]

   It affects your strength (+6).
   It affects your intelligence (-2).
   It protects you from cold.
   It protects you from negative energy.
 I - the amulet "Venomm" (around neck) {MR+ Regen+ MP+9 Slay-2 SInv}
   (You bought it in a shop on level 10 of the Dungeon)

   [amulet of regeneration]

   It affects your accuracy and damage with ranged weapons and melee attacks
   (-2).
   It affects your resistance to hostile enchantments.
   It affects your magic capacity (+9).
   It enhances your eyesight.
   It increases your rate of regeneration.
Magical devices
 y - a wand of teleportation (3)
 C - a wand of fire (5)
 H - a wand of enslavement (6)
Scrolls
 d - 3 scrolls of identify
 e - 6 scrolls of remove curse
 g - 6 scrolls of recharging
 h - 4 scrolls of teleportation
 m - 3 scrolls of amnesia
 o - a scroll of immolation
 q - a scroll of enchant armour
 x - 2 scrolls of random uselessness {unknown}
 E - a scroll of torment
 G - a scroll of enchant weapon
 J - a scroll of magic mapping
Books
 b - a book of Flames

   Spells                             Type                      Level
   a - Flame Tongue                   Conjuration/Fire             1
   b - Throw Flame                    Conjuration/Fire             2
   c - Conjure Flame                  Conjuration/Fire             3
   d - Inner Flame                    Hexes/Fire                   3
   e - Sticky Flame                   Conjuration/Fire             4
   f - Fireball                       Conjuration/Fire             5
Miscellaneous
 F - a plain deck of defence {drawn: 5}
 K - a crystal ball of energy


   Skills:
 - Level 1.5 Dodging
 - Level 1.5 Stealth
 + Level 7.8 Spellcasting
 + Level 7.0 Conjurations
 * Level 10.3 Fire Magic


You had 6 spell levels left.
You knew the following spells:

 Your Spells              Type           Power        Failure   Level  Hunger
a - Flame Tongue          Conj/Fire      #####        1%          1    N/A
b - Throw Flame           Conj/Fire      ######       1%          2    N/A
c - Conjure Flame         Conj/Fire      ######..     1%          3    N/A
d - Sticky Flame          Conj/Fire      ######..     4%          4    N/A
e - Fireball              Conj/Fire      ######....   12%         5    N/A
i - Inner Flame           Hex/Fire       #####...     6%          3    N/A

Dungeon Overview and Level Annotations

Branches:
Dungeon (11/15)            Temple (1/1) D:6            Lair (0/8) D:9
    Orc: D:9-12

Altars:
Ashenzari
Cheibriados
Dithmenos
Elyvilon
Fedhas
Gozag
Kikubaaqudgha
Makhleb
Nemelex Xobeh
Okawaru
Qazlal
Ru
Sif Muna
Trog
Vehumet
Xom
Yredelemnul
Zin
The Shining One

Shops:
D:10 =

Annotations:
D:8 CcS's ghost, experienced CeHu


Innate Abilities, Weirdness & Mutations

You do not eat or drink.
Your flesh is vulnerable to fire.
Your flesh is cold resistant.
You are immune to negative energy.
Your system is resistant to poisons.
You are immune to unholy pain and torment.
You can survive without breathing.


Message History

Aim: a wolf The bolt of fire hits the wolf.
The wolf is heavily wounded.
Evoking this partially-identified wand wasted a few charges.
The wolf burns!
The wolf bites you but does no damage. The wolf barely misses you. x3
Casting: Sticky Flame
Confirm with . or Enter, or press ? or * to list all spells.
Aiming: Sticky Flame
Press: ? - help, Shift-Dir - straight line, f/p - wolf
Aim: a wolf (heavily wounded)
You feel a surge of power!
The sticky flame hits the wolf.
The wolf is almost dead.
The wolf is covered in liquid flames!
The wolf burns!
The wolf burns!
You kill the wolf!
The wolf bites you!
* * * LOW HITPOINT WARNING * * *
The wolf bites you.
You die...
Your body crumbles into a pile of gold.

..
##.#
#..#
...##
##...
#...#
#...#
#h$.#
#@$##
#.∩.#
#..##
####


You could see a wolf (burning).

Vanquished Creatures
  2 hill giants
  An ugly thing (D:11)
  A troll (D:9)
  A wraith (D:10)
  A wyvern (D:9)
  2 hungry ghosts
  3 wolves (IceCv)
  9 ice beasts
  A water moccasin (D:9)
  3 orc warriors
  A black bear (D:9)
  A phantom (D:5)
  2 ogres
  A necrophage (D:8)
  8 centaurs
  3 giant frogs
  2 big kobolds
  A wyvern skeleton (D:9)
  3 scorpions
  13 killer bees
  A goliath beetle (D:7)
  A quasit (D:10)
  6 crimson imps
  3 jellies
  2 giant frog zombies
  4 hounds
  6 orc wizards
  3 orc priests
  5 worker ants
  2 iguanas
  A hound skeleton (D:6)
  Terence (D:3)
  5 gnolls
  7 adders
  5 shadow imps
  A worm (D:2)
  An adder zombie (D:5)
  An adder skeleton (D:8)
  10 giant geckos
  An ooze (D:2)
  39 orcs
  A bat skeleton (D:7)
  4 giant cockroaches
  14 hobgoblins
  2 jackals (D:7)
  2 ball pythons
  9 bats
  6 giant newts
  2 giant spores
  16 goblins
  A jackal zombie (D:6)
  22 kobolds
  3 quokkas
  16 rats
  3 ballistomycetes
  A plant (D:1)
266 creatures vanquished.

Vanquished Creatures (others)
  A kobold (D:5)
1 creature vanquished.

Grand Total: 267 creatures vanquished

Notes
Turn   | Place    | Note
--------------------------------------------------------------
     0 | D:1      | RepoMan, the Mummy Fire Elementalist, began the quest for the Orb.
     0 | D:1      | Reached XP level 1. HP: 13/13 MP: 3/3
    95 | D:1      | Reached skill level 1 in Conjurations
   233 | D:1      | Reached XP level 2. HP: 14/19 MP: 0/4
   238 | D:1      | Learned a level 2 spell: Throw Flame
   860 | D:1      | Reached skill level 3 in Fire Magic
  1190 | D:1      | Reached XP level 3. HP: 24/24 MP: 4/6
  1198 | D:1      | Learned a level 3 spell: Conjure Flame
  2031 | D:2      | Found a deep blue altar of Sif Muna.
  2698 | D:2      | Reached XP level 4. HP: 28/30 MP: 4/8
  2958 | D:3      | Noticed Terence
  3290 | D:3      | Killed Terence
  3814 | D:3      | Reached XP level 5. HP: 33/35 MP: 5/9
  3821 | D:3      | Learned a level 3 spell: Inner Flame
  4232 | D:4      | Got a pair of ichor-stained gloves
  4258 | D:4      | Identified the cursed -1 pair of gloves of Eckariod {rF++ rN+ Dex+4 Slay+2} (You found it on level 4 of the Dungeon)
  4642 | D:5      | Entered Level 5 of the Dungeon
  4650 | D:5      | Reached skill level 4 in Fire Magic
  4693 | D:5      | Noticed a phantom
  4713 | D:5      | Killed a phantom
  4713 | D:5      | Reached XP level 6. HP: 31/41 MP: 1/13
  4870 | D:5      | Noticed a centaur
  4876 | D:5      | HP: 2/41 [centaur (2)]
  5735 | D:5      | Found a shadowy altar of Dithmenos.
  5778 | D:5      | Reached skill level 5 in Fire Magic
  5778 | D:5      | Reached XP level 7. HP: 46/46 MP: 9/15
  5876 | D:5      | Found a bloodstained altar of Trog.
  5912 | D:5      | Found an iron altar of Okawaru.
  5969 | D:6      | Killed a centaur
  6475 | D:6      | Found a staircase to the Ecumenical Temple.
  6484 | Temple   | Entered the Ecumenical Temple
  6489 | Temple   | Became a worshipper of Gozag Ym Sagoz the Greedy
  6732 | D:6      | Reached skill level 6 in Fire Magic
  7065 | D:6      | Learned a level 4 spell: Sticky Flame
  7294 | D:6      | Reached XP level 8. HP: 52/52 MP: 9/18
  7906 | D:7      | Reached skill level 5 in Spellcasting
  8259 | D:7      | Reached skill level 7 in Fire Magic
  8576 | D:7      | Got a heavily runed tin ring
  8578 | D:7      | Identified the ring "Caemuamn" {rC+ rN+ Str+6 Int-2} (You found it on level 7 of the Dungeon)
  8706 | D:7      | Learned a level 5 spell: Fireball
  8953 | D:7      | Reached XP level 9. HP: 57/57 MP: 21/21
  9203 | D:7      | Found a radiant altar of Vehumet.
  9318 | D:8      | Noticed CcS's ghost (experienced CeHu)
  9367 | D:8      | Reached skill level 5 in Conjurations
 10331 | D:9      | Reached skill level 8 in Fire Magic
 10671 | D:9      | Found a staircase to the Lair.
 11217 | D:9      | Found a glowing golden altar of the Shining One.
 11218 | D:9      | Found a stormy altar of Qazlal.
 11247 | D:9      | Reached skill level 9 in Fire Magic
 11410 | D:9      | Reached XP level 10. HP: 63/63 MP: 18/24
 11501 | D:9      | Found a basalt altar of Yredelemnul.
 11502 | D:9      | Found a shimmering altar of Xom.
 11581 | D:10     | Entered Level 10 of the Dungeon
 11777 | D:10     | Found Cragymoh's Jewellery Boutique.
 11787 | D:10     | Bought the amulet "Venomm" {MR+ Regen+ MP+9 Slay-2 SInv} for 576 gold pieces
 12458 | D:11     | Noticed a green ugly thing
 12466 | D:11     | Killed a green ugly thing
 12516 | D:11     | Noticed a hill giant
 12529 | D:11     | Killed a hill giant
 12545 | D:11     | Noticed a hill giant
 12563 | D:10     | Killed a hill giant
 12628 | D:11     | Reached skill level 10 in Fire Magic
 12644 | D:11     | Found a frozen archway.
 12851 | IceCv    | Entered an ice cave
 12861 | IceCv    | HP: 1/63 [wolf (7)]
 12861 | IceCv    | Slain by a wolf

Action                   |  1- 3 |  4- 6 |  7- 9 | 10-12 || total
-------------------------+-------+-------+-------+-------++-------
Melee: Unarmed           |   206 |       |       |       ||   206
       Spear             |     1 |    94 |    70 |    23 ||   188
       Hand axe          |       |     8 |     6 |       ||    14
 Fire: Hunting sling     |    39 |    20 |    33 |       ||    92
       Blowgun           |       |       |     1 |       ||     1
Throw: Stone             |    14 |    31 |    13 |     1 ||    59
 Cast: Flame Tongue      |    76 |   106 |   211 |    60 ||   453
       Conjure Flame     |       |    10 |    24 |     3 ||    37
       Throw Flame       |       |     3 |    12 |     7 ||    22
       Inner Flame       |       |     1 |    10 |     2 ||    13
       Sticky Flame      |       |       |    20 |    22 ||    42
       Fireball          |       |       |     1 |     1 ||     2
Invok: Potion Petition   |       |       |     1 |       ||     1
Evoke: Deck              |       |       |     5 |       ||     5
       Wand              |       |       |       |     2 ||     2
  Use: Scroll            |       |     4 |     8 |     6 ||    18
 Stab: Sleeping          |     1 |     1 |     2 |     1 ||     5
